[Event "Teplice Open 2022"]
[Site "Teplice"]
[Date "2022.06.25"]
[Round "8.2"]
[White "Karthik Venkataraman"]
[Black "Santos Latasa, Jaime"]
[Result "1/2-1/2"]
[ECO "B52"]
[WhiteElo "2480"]
[BlackElo "2672"]
[Annotator "ChessBase"]
[PlyCount "67"]
[EventDate "2022.06.18"]
[EventType "swiss"]
[EventCountry "CZE"]
[SourceTitle "playchess.com"]
[Source "ChessBase"]
[SourceQuality "1"]
[TimeControl "40/5400+30:1800+30"]

1. e4 c5 2. Nf3 d6 3. Bb5+ Bd7 4. Bxd7+ Nxd7 5. O-O Ngf6 6. Qe2 Rc8 7. c3 e6 8. d4 cxd4 9. cxd4 Be7 10. Nc3 Nb6 11. a4 O-O 12. Bf4 d5 13. e5 Nfd7 14. Qd3 Nc4 15. b3 Na5 16. Ne2 Nb8 17. Bd2 Nbc6 18. Rfc1 Qb6 19. Rab1 Nb4 20. Qb5 Rc6 21. Bxb4 Bxb4 22. Qd3 h6 23. g4 Rxc1+ 24. Rxc1 Be7 25. Rc3 Qd8 26. Kg2 a6 27. Kg3 Nc6 28. h4 g6 29. Nf4 Qe8 30. Qe3 Kg7 31. Nd3 a5 32. Kg2 Qd7 33. Nc5 Qc7 34. Nd3 1/2-1/2

[Event "Teplice Open 2022"]
[Site "Teplice"]
[Date "2022.06.25"]
[Round "8.3"]
[White "Demchenko, Anton"]
[Black "Iniyan, P."]
[Result "1/2-1/2"]
[ECO "C50"]
[WhiteElo "2654"]
[BlackElo "2518"]
[Annotator "TA"]
[PlyCount "69"]
[EventDate "2022.06.18"]
[EventType "swiss"]
[EventCountry "CZE"]
[SourceTitle "playchess.com"]
[Source "ChessBase"]
[SourceQuality "1"]
[TimeControl "40/5400+30:1800+30"]

1. e4 e5 2. Nf3 Nc6 3. Bc4 Bc5 4. d3 Nf6 5. Nc3 h6 6. O-O a6 {[%emt 0:00:07] 6...0-0 is a critical line. C50: Hungarian Defence and Giuoco Pianissimo.} 7. Be3 Bxe3 8. fxe3 d6 9. a4 Be6 {[%emt 0:10:15] [#]} 10. b3 $146 ({Predecessor:} 10. Nd2 Bxc4 11. Nxc4 Ne7 12. Qf3 Qd7 13. h3 O-O 14. a5 Qe6 15. Rf2 d5 16. exd5 Nexd5 {1-0 (37) Bauer,T (2171)-Piringer,F (2124) Austria 2019}) 10... d5 11. exd5 Nxd5 12. Qd2 Qd7 13. Nxd5 Bxd5 14. Qc3 Qd6 15. Nh4 {[%emt 0:20:42][%cal Bf3h4,Bh4f5,Bf5g3,Bg3e2][%mdl 32] [#] Black must now prevent Nf5.} Qb4 16. Qxb4 Nxb4 17. Bxd5 Nxd5 18. Nf5 Rg8 19. a5 Ne7 20. Ng3 f6 21. Kf2 f5 22. e4 f4 23. Ne2 g5 24. g4 h5 25. Rg1 Rh8 26. gxh5 Rxh5 27. Rg2 Kf7 28. Ng1 {[%emt 0:00:29] [#]} (28. Rag1 $1 $15) 28... g4 ({Black should try} 28... Rg8 $1 $17 {Hoping for ...g4.} 29. h3 Kf6) 29. Rxg4 $11 {[%emt 0:00:16] aiming for h4. The position is equal.} Rxh2+ 30. Rg2 Rxg2+ 31. Kxg2 c5 32. Nf3 Nc6 33. Rh1 Kg6 {[%emt 0:00:11] Prevents Rh7.} 34. Kf2 Re8 35. Nh4+ {[%emt 0:04:05] Weighted Error Value: White=0.08 (flawless) /Black=0.10 (very precise)} 1/2-1/2

[Event "Teplice Open 2022"]
[Site "Teplice"]
[Date "2022.06.25"]
[Round "8.4"]
[White "Ali Marandi, Cemil Can"]
[Black "Sanal, Vahap"]
[Result "1-0"]
[ECO "B51"]
[WhiteElo "2532"]
[BlackElo "2575"]
[Annotator "TA"]
[PlyCount "69"]
[EventDate "2022.06.18"]
[EventType "swiss"]
[EventCountry "CZE"]
[SourceTitle "playchess.com"]
[Source "ChessBase"]
[SourceQuality "1"]
[TimeControl "40/5400+30:1800+30"]

1. e4 c5 2. Nf3 d6 3. Bb5+ Nd7 4. d4 cxd4 5. Nxd4 Ngf6 6. O-O {[%emt 0:00:12] B51: Sicilian: Moscow Variation (3 Bb5+) without 3...Bd7.} a6 7. Bd3 Nc5 8. Nc3 {[%emt 0:00:17] The position is equal.} e5 9. Nf5 {[%emt 0:00:48] [#]} Be6 $146 ({Predecessor:} 9... d5 10. Bg5 dxe4 11. Bxe4 Ncxe4 12. Nxg7+ Bxg7 13. Qxd8+ Kxd8 14. Nxe4 Ke7 15. f4 Ke6 {1-0 (78) Praggnanandhaa,R (2642)-Wei,Y (2727) chess24.com INT 2022}) 10. Bg5 h6 11. Bxf6 Qxf6 12. Ne3 {[%emt 0:00:51] Against d5} Qd8 13. Bc4 Bxc4 14. Nxc4 Rc8 15. Ne3 g6 16. Qf3 Bg7 17. Rad1 O-O 18. Ncd5 Kh8 19. c3 b5 20. g3 Rb8 21. h4 h5 22. Kg2 Rb7 23. Rh1 Kg8 24. g4 {[%emt 0:07:17] White is more active.} Qc8 {[%emt 0:13:23] This costs Black the game.} (24... hxg4 $16 25. Qxg4 Qd7) 25. gxh5 $18 f5 $2 (25... Ne6 26. Qg4 Nf4+ 27. Nxf4 exf4) 26. hxg6 {[%emt 0:00:22] White is clearly winning.} Nxe4 27. Qh5 Bh8 28. f3 Nc5 29. Qg5 Qd7 {[%emt 0:02:32] Prevents Ne7+.} 30. h5 {[%emt 0:00:20][%cal Bh4h5,Bh5h6][%mdl 32] Threatens to win with h6.} Ne6 31. Qh4 {[%emt 0:00:06] Strongly threatening h6.} Kg7 32. h6+ Kxg6 33. h7 Ng7 {[%emt 0:01:58] Inhibits Qh5+.} 34. Kf2 (34. Qg3+ $142 Kf7 35. Rh6) 34... Qe6 {[%emt 0:03:42] [#]} 35. Nc7 $1 {[%emt 0:01:10][%mdl 512] Weighted Error Value: White=0.10 (very precise) /Black=0.33} 1-0

[Event "Teplice Open 2022"]
[Site "Teplice"]
[Date "2022.06.25"]
[Round "8.5"]
[White "Postny, Evgeny"]
[Black "Yankelevich, Lev"]
[Result "0-1"]
[ECO "E11"]
[WhiteElo "2563"]
[BlackElo "2473"]
[Annotator "TA"]
[PlyCount "84"]
[EventDate "2022.06.18"]
[EventType "swiss"]
[EventCountry "CZE"]
[SourceTitle "playchess.com"]
[Source "ChessBase"]
[SourceQuality "1"]
[TimeControl "40/5400+30:1800+30"]

1. d4 Nf6 2. c4 e6 3. Nf3 Bb4+ 4. Bd2 a5 5. e3 b6 6. Bd3 {[%emt 0:00:14] E11: Bogo-Indian.} Bb7 7. O-O Bxd2 {[%emt 0:00:10] [#]} 8. Nbxd2 $146 {[%emt 0:00:15] White is slightly better.} ({Predecessor:} 8. Nfxd2 d6 9. Nc3 O-O 10. Nde4 Nbd7 11. Qf3 Rb8 12. Qh3 Nxe4 13. Nxe4 f5 14. Nc3 {1-0 (27) Jorgensen,D (2172)-Bjerre,J (2338) Ballerup 2017}) 8... O-O 9. e4 d6 10. Qe2 Nfd7 11. Rfd1 Nc6 12. Bc2 a4 13. Nb1 e5 14. d5 Nb4 15. Qd2 Nxc2 16. Qxc2 Nc5 17. Nc3 Bc8 18. b4 axb3 $1 19. axb3 Bg4 20. Rxa8 Qxa8 21. b4 (21. Nb5 $1 $11) 21... Bxf3 $15 22. gxf3 Nd7 23. Kf1 f5 (23... Qd8 $17 24. Qd3 Qh4) 24. exf5 (24. Nb5 $11 {should be considered.}) 24... Qe8 25. Ne4 Qh5 26. Ng3 Qxf3 27. Qd3 Qg4 {[%emt 0:01:15] Black is more active.} 28. Ra1 ({Better is} 28. Kg2) 28... h5 29. Qe4 Qh3+ 30. Qg2 Qh4 31. Qe4 Qxh2 32. Ra7 (32. Ke2 $17 Nf6 33. Qh1 Qxh1 34. Rxh1) 32... Qh3+ (32... h4 $2 33. Nh5 Qh3+ 34. Ke2 Qxf5 35. Qxf5 Rxf5 36. Ng3 hxg3 37. fxg3 $19) 33. Qg2 Qg4 34. Qe4 {[%emt 0:00:15] [#]} Qd1+ 35. Kg2 Nf6 36. Qe2 (36. Qh4 $17 {is a better defense.}) 36... Qd4 ({Not} 36... Qxe2 37. Nxe2 Ne8 38. Ra8 $17) (36... Qb1 $19 {And now ...h4 would win.} 37. Nxh5 Qxf5 38. Nxf6+ Qxf6) 37. Rxc7 {[%emt 0:00:28] [#]} Qh4 {[%emt 0:01:34] Threatens to win with ...Ra8.} 38. Qe1 $2 {[%emt 0:01:47][%mdl 8192] This move loses the game for White.} (38. c5 $17) 38... Ra8 $19 {[%emt 0:00:17] Hoping for ...Ra3. Black is clearly winning.} ({Inferior is} 38... Ng4 39. Qh1 Qxh1+ 40. Kxh1 $11) ({Avoid the trap} 38... b5 $2 39. Rc6 $19) 39. Qb1 Qd4 {[%emt 0:02:37] Prevents c5. aiming for ...h4.} 40. Rc6 Ra1 41. Rc8+ Kh7 42. Qc2 h4 {[%emt 0:00:42] Weighted Error Value: White=0.57/Black=0.26 (precise)} 0-1

[Event "Teplice Open 2022"]
[Site "Teplice"]
[Date "2022.06.25"]
[Round "8.6"]
[White "Pranav, Anand"]
[Black "Laurusas, Tomas"]
[Result "*"]
[ECO "D12"]
[WhiteElo "2467"]
[BlackElo "2567"]
[Annotator "TA"]
[PlyCount "141"]
[EventDate "2022.06.18"]
[EventType "swiss"]
[EventCountry "CZE"]
[SourceTitle "playchess.com"]
[Source "ChessBase"]
[SourceQuality "1"]
[TimeControl "40/5400+30:1800+30"]

1. d4 d5 2. c4 c6 3. Nf3 Nf6 4. e3 Bf5 5. Nc3 e6 6. Nh4 Bg6 7. Nxg6 hxg6 8. Bd3 {[%emt 0:00:02] 8.Rb1 is a critical line.} Nbd7 {[%emt 0:00:18] D12: Slav Defence: 3 Nf3 Nf6 4 e3 Bf5.} 9. O-O Bd6 10. h3 O-O {[%emt 0:00:56] The position is equal.} 11. c5 Bc7 12. b4 e5 13. b5 Ba5 14. Bd2 Re8 15. Qa4 {[%emt 0:09:50] [#]} Re6 $146 ({Predecessor:} 15... cxb5 16. Qxb5 b6 17. c6 Nf8 18. Rac1 exd4 19. exd4 Ne6 20. Qb2 Nxd4 21. Bf4 Nxc6 {½-½ (55) Parligras,M (2633)-Vasilev,M (2473) Plovdiv 2013}) 16. bxc6 (16. Rac1 {with more complications.} exd4 17. exd4 Bxc3 18. Bxc3 Ne4 19. Bb4) 16... bxc6 17. Rab1 exd4 18. exd4 Bxc3 19. Bxc3 Ne4 20. Ba5 Qg5 21. Qc2 (21. Bxe4 $5 dxe4 22. Bc7 $16) 21... Ndf6 22. Bc7 Nh5 23. Qc1 (23. Bxe4 $5 dxe4 24. Be5 $14) 23... Qh4 $1 24. Be2 Neg3 25. Bg4 (25. Bxg3 Nxg3 26. Bg4 Qxg4 $1 27. hxg4 Ne2+ 28. Kh2 Nxc1 29. Rfxc1 Re2 $11) (25. fxg3 $2 Qxd4+ 26. Kh1 Rxe2 $19) (25. Bxh5 $5 Nxh5 26. Be5 $14) 25... Ne2+ 26. Bxe2 Rxe2 27. Rb2 Rae8 28. Be5 Re4 29. Kh2 Qe7 30. Qc3 Qg5 31. Qd2 R8xe5 32. dxe5 Qxe5+ 33. g3 Nf6 ({Black should play} 33... f5 $11) 34. Rfb1 Nd7 35. Qa5 {[%emt 0:01:04] aiming for Qd8+.} Qf6 {[%emt 0:00:50] Inhibits Qd8+.} 36. Kg1 Kh7 37. Qxa7 Ne5 38. Qa8 Nd3 39. Rd2 {[%emt 0:00:07][%mdl 8192] [#]} (39. Qa3 $17 Nxb2 40. Qxb2) 39... Qf3 $2 (39... Ne1 $1 $19 {( -> ...Qf3)} 40. Rb8 (40. Rb3 $2 Nf3+ 41. Rxf3 Qxf3 $19) 40... g5) 40. Qa6 $1 $11 (40. Qxc6 {gets mated.} Ne1) 40... Rc4 41. Qxc6 {[%emt 0:09:56] Threatens to win with Qe8.} Qe4 {[%emt 0:14:25] Inhibits Qe8. Strongly threatening ...Nb4.} 42. Rxd3 Qxd3 {[%emt 0:00:05][%mdl 4096] Endgame KQR-KQR} 43. Rf1 d4 44. Qb5 Qc2 {[%emt 0:02:52][%csl LRa2,LRc5] Hoping for ...d3.} 45. Qb3 Qe2 46. Kg2 Rxc5 47. Qd1 Qb2 48. Qb3 Qe2 49. Qd1 Qe5 50. Qf3 f6 51. Rb1 Rc2 52. a4 Ra2 53. Qd3 (53. Rb5 $11 {remains equal.} Qe8 54. Qd3 (54. Rb7 $2 Ra1 $19) 54... Qc6+ 55. Qf3) 53... Qd5+ $17 54. Qf3 {[%emt 0:00:07] [#]} Rxf2+ $3 55. Kxf2 Qa2+ 56. Qe2 Qxb1 {[%emt 0:00:02] KQ-KQ} 57. Qd2 Qf5+ 58. Kg2 Qe4+ 59. Kf2 Qf5+ 60. Kg2 Qd5+ 61. Kf2 d3 62. a5 Qd4+ 63. Kf3 Qd6 64. h4 Kg8 65. Kf2 Kf8 66. Kf3 Ke7 67. Qe3+ Kd8 68. Qb6+ $2 (68. Qe4 $15) 68... Qxb6 $19 {[%emt 0:00:04] Black is clearly winning.} 69. axb6 Kc8 70. Ke3 Kb7 71. Kxd3 {[%emt 0:00:02] Weighted Error Value: White=0.17 (very precise) /Black=0.13 (very precise)} *

[Event "Teplice Open 2022"]
[Site "Teplice"]
[Date "2022.06.25"]
[Round "8.8"]
[White "Yilmazyerli, Mert"]
[Black "Berkes, Ferenc"]
[Result "1/2-1/2"]
[ECO "A11"]
[WhiteElo "2502"]
[BlackElo "2654"]
[Annotator "TA"]
[PlyCount "38"]
[EventDate "2022.06.18"]
[EventType "swiss"]
[EventCountry "CZE"]
[SourceTitle "playchess.com"]
[Source "ChessBase"]
[SourceQuality "1"]
[TimeControl "40/5400+30:1800+30"]

1. Nf3 d5 2. g3 Nf6 3. Bg2 c6 4. c4 dxc4 5. O-O Nbd7 6. Na3 Nb6 7. Qc2 g6 {[%emt 0:00:07] A11: English Opening: 1...c6.} 8. Nxc4 Nxc4 9. Qxc4 Bg7 10. Re1 O-O 11. d4 {[%emt 0:01:57] [#]} Nd5 $146 ({Predecessor:} 11... Ne4 12. Bf4 Be6 13. Qc2 f5 14. e3 Bd5 15. Ne5 Nf6 16. Nd3 Bxg2 17. Kxg2 Qd5+ {½-½ (50) Nepomniachtchi,I (2768)-Kobalia,M (2619) Satka 2018}) 12. e4 Nb6 13. Qc2 Bg4 14. Ne5 Be6 15. Be3 Qd6 16. Nf3 Bg4 17. Ne5 Be6 18. Nf3 Bg4 19. Ne5 Be6 {[%emt 0:01:24] Weighted Error Value: White=0.12 (very precise) /Black=0.05 (flawless)} 1/2-1/2

[Event "Teplice Open 2022"]
[Site "Teplice"]
[Date "2022.06.25"]
[Round "8.9"]
[White "Romanov, Evgeny"]
[Black "Levin, Guy"]
[Result "1/2-1/2"]
[ECO "B23"]
[WhiteElo "2573"]
[BlackElo "2351"]
[Annotator "TA"]
[PlyCount "60"]
[EventDate "2022.06.18"]
[EventType "swiss"]
[EventCountry "CZE"]
[SourceTitle "playchess.com"]
[Source "ChessBase"]
[SourceQuality "1"]
[TimeControl "40/5400+30:1800+30"]

1. e4 c5 2. Nc3 Nc6 3. f4 g6 4. Nf3 Bg7 5. Bb5 Nd4 6. O-O Nxb5 7. Nxb5 d5 8. d3 a6 {[%emt 0:17:52] [#] Threatens to win with ...dxe4. B23: Closed Sicilian: Lines without g3.} 9. Nc3 Bxc3 (9... dxe4 {with more complications.} 10. dxe4 Qxd1 11. Rxd1 Bxc3 12. bxc3 Nf6) 10. bxc3 dxe4 11. dxe4 Qxd1 $1 12. Rxd1 Nf6 13. e5 Ne4 {[%emt 0:02:05] [#]} 14. Bb2 $146 ({Predecessor:} 14. Rd3 Bd7 15. Re3 Bc6 16. Ba3 O-O-O 17. Rae1 Nd2 18. Bxc5 Nxf3+ 19. gxf3 e6 20. Bd6 {½-½ (45) Bogdanov,D (2111)-Kongsted,H (2280) Farum 2003}) 14... Bd7 15. c4 {[%emt 0:10:00][%cal Oe5e6] [#] Black must now prevent e6!} Bc6 16. Rd3 O-O 17. Re1 Rfd8 18. a3 b5 19. cxb5 axb5 20. Red1 Rdb8 21. Rb3 e6 22. Rbd3 Bd5 23. Bc1 Ra4 24. Nd2 Nxd2 25. Bxd2 (25. R3xd2 $17 b4 26. axb4) 25... Be4 $19 26. Rd7 (26. Re3 {is a better defense.}) 26... Bxc2 $2 (26... Rxa3 $19 27. Bc1 Ra2) 27. Rc1 $15 Rc4 {[%emt 0:00:16] Hoping for ...b4.} 28. Rc7 $1 Rd8 29. Be3 h5 (29... Rd5 $15) 30. Rxc5 $11 Rxc5 {[%emt 0:00:28] Weighted Error Value: White=0.15 (very precise) /Black=0.20 (precise)} 1/2-1/2

[Event "Teplice Open 2022"]
[Site "Teplice"]
[Date "2022.06.25"]
[Round "8.10"]
[White "Kusa, Jakub"]
[Black "Pultinevicius, Paulius"]
[Result "0-1"]
[ECO "E94"]
[WhiteElo "2338"]
[BlackElo "2536"]
[Annotator "TA"]
[PlyCount "76"]
[EventDate "2022.06.18"]
[EventType "swiss"]
[EventCountry "CZE"]
[SourceTitle "playchess.com"]
[Source "ChessBase"]
[SourceQuality "1"]
[TimeControl "40/5400+30:1800+30"]

1. d4 Nf6 2. Nf3 g6 3. c4 Bg7 4. Nc3 O-O 5. e4 d6 6. Be2 c6 7. O-O e5 8. Re1 Na6 9. Be3 exd4 {[%emt 0:01:45] 9...Qe7 is a critical line. E94: King's Indian: Classical: 6 Be2 e5 7 0-0: Various Black 7th moves.} 10. Nxd4 (10. Qxd4 Nd5 $1 11. Qd2 Nxe3 12. Qxe3 Qb6 $15) 10... Re8 11. f3 d5 {[%emt 0:02:28] White has an edge.} 12. cxd5 Nxd5 13. Nxd5 ({Of course not} 13. exd5 Rxe3 14. Qd2 Qb6 $11) 13... cxd5 14. Bb5 (14. Bxa6 $14 bxa6 15. Nc6) 14... Bd7 $11 15. Bxa6 bxa6 16. exd5 Qh4 {[%emt 0:00:26][%cal Oe8e3] [#] ...Rxe3! is the strong threat.} 17. f4 $146 (17. Nc6 $5 ) ({Predecessor:} 17. Nb3 Bxb2 18. Bf2 Qc4 19. Rb1 Bc3 20. Rc1 Bb5 21. Rxe8+ Rxe8 22. Qc2 Re1+ 23. Rxe1 Bxe1 24. Qxc4 Bxf2+ 25. Kxf2 Bxc4 {1-0 (50) Kvetny,M (2201)-Aguera Naredo,J (2417) Basel 2013}) 17... Qf6 $1 {[%emt 0:06:33][%cal Oe8e3] And now ...Rxe3! would win.} 18. Bf2 Qxf4 19. Qf3 Qd2 20. Nc6 Qxb2 21. d6 Kh8 22. Rad1 (22. Ne7 $1 $11) 22... Rxe1+ $15 (22... Qxa2 $2 23. Re7 Bxc6 24. Qxc6 $18) 23. Rxe1 {[%emt 0:00:28][%cal Oc6e5] Strongly threatening Ne5!} Re8 $36 {[%emt 0:03:40][%mdl 2048] Against Ne5. Threatens to win with ...Rxe1+. White is under strong pressure.} (23... Qxa2 $2 24. Nb4 Qxf2+ 25. Qxf2 $18) 24. Ne7 Qxa2 25. Qb7 Qa4 26. Qxa7 h5 27. h3 Kh7 28. Qb7 a5 29. Qd5 Be6 (29... Rf8 $1 $17 30. Kh2 Qb4) 30. Qd3 $2 (30. Rxe6 $11 fxe6 31. Qd3 Qa1+ 32. Kh2 Qe5+ 33. Kh1) 30... Qd7 $1 $17 31. Rc1 Rd8 $1 32. Rc6 {[%emt 0:01:49] [#]} Bf6 $1 {[%emt 0:04:01] This bishop pair is nice.} 33. Qa6 $2 (33. Qe4) 33... Bxe7 34. dxe7 Qxe7 {[%emt 0:00:09] Hoping for ...Rd1+.} 35. Qxa5 $2 (35. Rc1 $19) 35... Rd1+ 36. Kh2 Bd5 {[%emt 0:00:33] ( -> ...Qe2)} 37. Rc3 Qe5+ 38. Bg3 Qe2 {[%emt 0:00:22] Weighted Error Value: White=0.78/Black=0.07 (flawless)} (38... Qe4 $142 39. Qxd5 Rxd5 40. Rc1 Rd2 41. Rg1 f5 42. Bc7 g5 43. Kh1 f4 44. Ba5 Re2 45. Bd8 f3 46. Bc7 Rxg2 47. Rd1 {[#]} Rh2+ $3 48. Kg1 Qe3+ 49. Kxh2 Qf2+ 50. Kh1 Qg2#) 0-1

[Event "Teplice Open 2022"]
[Site "Teplice"]
[Date "2022.06.25"]
[Round "8.11"]
[White "Sokolovsky, Yahli"]
[Black "Kozak, Adam"]
[Result "1/2-1/2"]
[ECO "C70"]
[WhiteElo "2369"]
[BlackElo "2532"]
[Annotator "TA"]
[PlyCount "60"]
[EventDate "2022.06.18"]
[EventType "swiss"]
[EventCountry "CZE"]
[SourceTitle "playchess.com"]
[Source "ChessBase"]
[SourceQuality "1"]
[TimeControl "40/5400+30:1800+30"]

1. e4 e5 2. Nf3 Nc6 3. Bb5 a6 4. Ba4 f5 5. d4 exd4 6. e5 {[%emt 0:00:36] C70: Ruy Lopez: 3...a6 4 Ba4, Norwegian and Delayed Schliemann.} b5 $1 {[%emt 0:00:07][%mdl 4] is more profitable than 6...Bc5 at the moment.} 7. Bb3 {[%emt 0:00:03][%mdl 1024] Black must now prevent 0-0. White has strong compensation.} Bb7 8. a4 {[%emt 0:01:01] White is better.} ({Much weaker is} 8. c3 Na5 $11) 8... Na5 {[%emt 0:00:34] [#]} 9. Ba2 $146 ({Predecessor:} 9. Bxg8 Rxg8 10. Nxd4 Qh4 11. O-O Bc5 12. Nf3 Qh5 13. axb5 axb5 14. Nc3 Nc4 15. Rxa8+ Bxa8 16. Nxb5 Bxf3 17. gxf3 {½-½ (45) Wachinger,N (2376)-Demuth,A (2496) Terme Catez 2022}) 9... c5 10. O-O Ne7 {[%emt 0:01:02] [#]} (10... b4 $142) 11. Bg5 $2 (11. Re1 $1 $16) 11... Nc4 (11... Qb6 $1 $11) 12. c3 $16 h6 13. Bc1 Nb6 ({Of course not} 13... Bxf3 14. Qxf3 Nxe5 15. Qd1 $11) (13... Qb6 $142) 14. Nh4 (14. Na3 $16) 14... Qc7 $14 (14... bxa4 $2 15. Qh5+ g6 16. Nxg6 $18) 15. cxd4 c4 {[%emt 0:03:42] [#]} 16. Nxf5 $1 Nxf5 17. Qh5+ Kd8 18. Qxf5 Qc6 19. f3 {[%emt 0:01:53] Threatens to win with Nc3.} Nxa4 20. b3 (20. Qg4 $16) 20... Qd5 $11 21. Qe4 Qxe4 22. fxe4 cxb3 23. Bxb3 Bxe4 24. Bd2 {[%emt 0:00:44] Strongly threatening Ba5+.} Bd3 (24... a5 $1 $11) 25. Ba5+ Ke8 (25... Kc8 $16) 26. Rf3 Be4 {[%emt 0:00:30] [#]} 27. Rf4 (27. Bf7+ $1 $18 Ke7 28. Rf2) 27... Bg6 $16 28. Bxa4 {[%emt 0:00:56] White is more active.} ({White should play} 28. Nd2 $16) 28... Bxb1 (28... bxa4 $11 29. Nc3 Rc8) 29. Bb3 ({Not} 29. Rxb1 bxa4 30. Ra1 a3 $11) 29... Bg6 {[%emt 0:00:03] Against Bf7+} 30. Rc1 (30. Be1 $18 {Bd5 is the strong threat.} Be7 31. Bd5) 30... Be7 {[%emt 0:00:13] Weighted Error Value: White=0.38/Black=0.39} 1/2-1/2

[Event "Teplice Open 2022"]
[Site "Teplice"]
[Date "2022.06.25"]
[Round "8.12"]
[White "Blomqvist, Erik"]
[Black "Stijve, Theo"]
[Result "1-0"]
[ECO "B45"]
[WhiteElo "2523"]
[BlackElo "2341"]
[Annotator "TA"]
[PlyCount "88"]
[EventDate "2022.06.18"]
[EventType "swiss"]
[EventCountry "CZE"]
[SourceTitle "playchess.com"]
[Source "ChessBase"]
[SourceQuality "1"]
[TimeControl "40/5400+30:1800+30"]

1. e4 c5 2. Nf3 e6 3. d4 cxd4 4. Nxd4 Nf6 5. Nc3 Nc6 6. Nxc6 bxc6 7. e5 Nd5 8. Ne4 Qc7 9. f4 Qb6 10. c4 Ne3 11. Qd3 Bb4+ 12. Bd2 {[%emt 0:00:30] B45: Sicilian Four Knights.} Ba6 13. Bxb4 Qxb4+ 14. Kf2 $1 {[%emt 0:00:23] White is slightly better.} Qxb2+ 15. Be2 Nxc4 16. Rab1 Nxe5 $1 {[%emt 0:02:21] [#]} 17. fxe5 Qxe5 18. Qxa6 Qxe4 19. Rhd1 {[%emt 0:00:32] Active counter play!} O-O 20. Bf3 $36 {[%emt 0:08:01][%mdl 2048] White fights for an advantage.} Qf5 {[%emt 0:00:54] [#]} 21. Rb7 $146 ({Predecessor:} 21. Kg1 Rfc8 22. Rb7 d5 23. Rf1 Qe5 24. Bd1 f6 25. Ba4 Qd6 26. Rfb1 Kh8 27. Qe2 {1-0 (59) O'Toole,R (2135)-Morcin,T (2073) LSS email 2013}) 21... Qc2+ (21... Qc5+ $11 {keeps the balance.} 22. Kf1 d5) 22. Qe2 $16 Qxe2+ 23. Bxe2 d5 24. Rc1 {[%emt 0:00:34][%mdl 1024] White has strong compensation.} Rfc8 25. Ba6 g6 26. a4 Rab8 (26... Kg7 $16) 27. Rcb1 (27. Rxa7 $18 Rb2+ 28. Kg1) 27... Rxb7 $14 28. Rxb7 {[%emt 0:00:07][%mdl 4096] Endgame KRB-KR} c5 $2 {[%emt 0:04:23][%mdl 8192] Black cannot hold the game after this.} (28... Ra8 $14) 29. Rxa7 $18 Rc6 30. Bb5 Rc8 31. Ke2 c4 32. Rd7 Rc5 $2 ({Less strong is} 32... c3 33. Kd1 Rc5 34. Kc1) (32... Kg7 {was called for.} 33. Rb7 Ra8) 33. Rd6 {[%emt 0:06:52] Strongly threatening Rc6.} Kf8 (33... d4 $142 34. Rxd4 Rh5) 34. Rc6 Rxc6 35. Bxc6 {[%emt 0:00:05] Black must now prevent a5. KB-KP} Ke7 36. a5 {[%emt 0:00:11] Threatens to win with a6.} Kd6 37. Be8 f6 38. Bf7 d4 {[%emt 0:01:21] [#]} 39. Bxe6 $1 c3 (39... d3+ 40. Kd2) 40. Bg8 {[%emt 0:01:57] a6 would kill now.} h6 41. Bh7 {[%emt 0:30:28] White mates.} g5 42. g4 Kc5 43. Bd3 c2 44. Kd2 Kd5 {[%emt 0:00:24] Weighted Error Value: White=0.09 (flawless) /Black=0.84} 1-0

[Event "Teplice Open 2022"]
[Site "Teplice"]
[Date "2022.06.25"]
[Round "8.13"]
[White "Kraus, Tomas"]
[Black "Fataliyeva, Ulviyya"]
[Result "1/2-1/2"]
[ECO "B10"]
[WhiteElo "2472"]
[BlackElo "2348"]
[Annotator "TA"]
[PlyCount "67"]
[EventDate "2022.06.18"]
[EventType "swiss"]
[EventCountry "CZE"]
[SourceTitle "playchess.com"]
[Source "ChessBase"]
[SourceQuality "1"]
[TimeControl "40/5400+30:1800+30"]

1. e4 c6 2. Nf3 d5 3. d3 dxe4 4. dxe4 Qxd1+ 5. Kxd1 Nf6 6. Nfd2 {[%emt 0:00:58] B10: Caro-Kann: 2 d3 and 2 c4.} h5 7. h4 Ng4 8. Ke1 e5 {[%emt 0:00:22] [#]} 9. Nc3 $146 ({Predecessor:} 9. Nc4 Nd7 10. f3 Ngf6 11. a4 Bc5 12. c3 O-O 13. b4 Be7 14. Nbd2 Re8 15. Nb3 {½-½ (85) Deac,B (2651)-Donchenko,A (2645) Chess.com INT 2021}) 9... Be6 10. Bc4 Bxc4 11. Nxc4 b5 12. Nd2 Na6 {[%emt 0:11:51] And now ...Nb4 would win.} 13. a3 {[%emt 0:00:19] Against Nb4} Nc5 14. b4 Nb7 15. Ke2 Be7 16. f3 Nf6 17. Rb1 a5 18. Nd1 axb4 19. axb4 Ra4 (19... Nd7 $11) 20. c3 (20. Nb2 $14 Ra2 21. Nd3) 20... Nd7 $11 21. Nb2 Ra2 22. Nd3 Nd6 23. Rb2 Rxb2 24. Bxb2 Nc4 25. Bc1 Ndb6 {[%emt 0:01:06] The position is equal.} 26. Nxc4 Nxc4 27. Nb2 O-O 28. Nxc4 bxc4 {[%emt 0:00:03][%mdl 4096] Endgame KRB-KRB} 29. g3 Ra8 30. Rd1 Ra2+ 31. Rd2 Ra1 32. Rd1 Ra2+ 33. Rd2 Ra1 34. Rd1 {[%emt 0:00:36] An uneventful encounter.  Weighted Error Value: White=0.09 (flawless) /Black=0.08 (flawless)} 1/2-1/2